 Dungeon Crawl Stone Soup version 0.30-a0-475-g03497ec522 (webtiles) character file.

Game seed: 8853635559140429451

4911 kae the Destroyer (level 10, -3/50 HPs)
             Began as a Tengu Fire Elementalist on Dec 20, 2022.
             Was a Believer of Vehumet.
             Slain by an ice devil (16 damage)
             ... on level 9 of the Dungeon.
             The game lasted 00:11:23 (10635 turns).

kae the Destroyer (Tengu Fire Elementalist)        Turns: 10635, Time: 00:11:23

Health: -3/50      AC:  9    Str:  8      XL:     10   Next: 51%
Magic:  20/20      EV: 12    Int: 21      God:    Vehumet [**....]
Gold:   446        SH:  0    Dex: 12 (14) Spells: 9/22 levels left

rFire   . . .      SeeInvis +    y - +1 glaive (flame)
rCold   . . .      Faith    .    (shield currently unavailable)
rNeg    . . .      Spirit   .    w - +0 swamp dragon scales
rPois   +          Reflect  .    h - +2 hat
rElec   .          Harm     .    (no cloak)
rCorr   .          Rampage  .    (no gloves)
Will    .....                    (boots unavailable)
Stlth   +.........               u - amulet of magic regeneration
HPRegen 0.28/turn                P - ring of poison resistance
MPRegen 0.57/turn                v - ring of see invisible

@: flying quickly and evasively, quick
A: beak, talons 3, nimble flight
a: Renounce Religion


You were on level 9 of the Dungeon.
You worshipped Vehumet.
Vehumet was pleased with you.
You visited 2 branches of the dungeon, and saw 10 of its levels.

You collected 446 gold pieces.


Innate Abilities, Weirdness & Mutations

You have a beak for a mouth.
You have claws for feet.
Your magical nature lets you fly swiftly and evasively.


   Skills:
 - Level 2.1 Dodging
 - Level 2.0 Stealth
 + Level 6.5 Spellcasting
 * Level 12.5 Conjurations
 * Level 11.0 Fire Magic


You had 9 spell levels left.
You knew the following spells:

 Your Spells              Type           Power      Damage    Failure   Level
a - Foxfire               Conj/Fire      100%       2x1d9     1%          1
b - Scorch                Fire           100%       2d10      1%          2
c - Inner Flame           Hex/Fire       30%        N/A       9%          3
d - Flame Wave            Conj/Fire      54%        2d13      2%          4
e - Kindle Blastsparks    Fire/Tloc/Air  44%        2d13      19%         3

Your spell library contained the following spells:

 Spells                   Type           Power      Damage    Failure   Level
 Poisonous Vapours        Pois/Air       12%        N/A       41%         2
 Magic Dart               Conj           100%       1d8       1%          1
 Searing Ray              Conj           100%       2d8       1%          2
 Fulminant Prism          Conj/Hex       16%        3d11      22%         4
 Gell's Gravitas          Tloc           6%         N/A       65%         3
 Lesser Beckoning         Tloc           12%        N/A       65%         3
 Teleport Other           Tloc           6%         N/A       65%         3

Inventory:

Hand Weapons
 y - a +1 glaive of flaming (weapon)
   (You took it off Maggie on level 6 of the Dungeon)
Missiles
 e - 19 poisoned darts
 i - 63 stones
 t - 3 boomerangs
 A - a curare-tipped dart {=f}
Armour
 a - a +1 robe
 h - a +2 hat (worn)
   (You found it on level 1 of the Dungeon)
 w - +0 swamp dragon scales (worn)
   (You took it off Maggie on level 6 of the Dungeon)
Jewellery
 u - an amulet of magic regeneration (around neck)
   (You found it on level 7 of the Dungeon)
 v - a ring of see invisible (right hand)
   (You found it on level 7 of the Dungeon)
 D - a +6 ring of dexterity
   (You found it on level 4 of the Dungeon)
 F - a ring of protection from fire
   (You found it on level 8 of the Dungeon)
 P - a ring of poison resistance (left hand)
   (You found it on level 2 of the Dungeon)
Wands
 s - a wand of flame (17)
   (You took it off Blork the orc on level 5 of the Dungeon)
Scrolls
 f - a scroll of magic mapping {!r}
 g - a scroll of enchant weapon
 m - 2 scrolls of teleportation {@r4}
 n - 2 scrolls of enchant armour
 r - a scroll of blinking {!r}
 x - a scroll of identify {@r1}
 B - a scroll of immolation {unknown}
 C - 2 scrolls of poison
 E - a scroll of fog {unknown}
Potions
 b - a potion of magic
 c - 3 potions of mutation {unknown}
 d - 3 potions of might
 j - 7 potions of heal wounds {unknown}
 k - 2 potions of curing {@q1}
 l - a potion of berserk rage {!q}
 o - a potion of cancellation
 p - a potion of attraction {!q}
 q - 2 potions of brilliance {unknown}
 z - a potion of haste {unknown}

Dungeon Overview and Level Annotations

Branches:
Dungeon (9/15) Zot: 26701  Temple (1/1) D:6 Zot: 5918
   Lair: D:8-11         Orc: D:9-12

Altars:
Ashenzari
Cheibriados
Dithmenos
Elyvilon
Kikubaaqudgha
Makhleb
Nemelex Xobeh
Okawaru
Qazlal
Ru
Sif Muna
Trog
Vehumet
Xom
Yredelemnul
The Shining One

Shops:
D:4 (   D:6 *

Annotations:
D:2 exclusion: worm, Terence
D:3 2 transporters, initializr's ghost, amateur SpEn
D:6 Grinder; Sigmund

#.....####.###.#.....4..
#.)........#####......##
##..........###.....##.#
##..#....##.....###.....
#........##....4##....>.
##......####............
##........####..........
#.....4.### #.........#.
###..#.@# #............
#.##### #.............
## ##.....#......
......###...>. #....##
..... ###.. .P)


You could see an ice devil.


Message History

You lost 3 mp, and now have 12/20 mp.
The quasit attacks as you move away! The quasit barely misses you.
The quasit completely misses you.
The quasit closely misses you. 😨 HP[+1] 😨 MP[+1] 😨 MP[+1] 😨 HP[+1] 😨 MP[+1]
Items here: )) [[. 😨 MP[+1] 😨 HP[+1] 😨 MP[+1] 😨 MP[+1]
The quasit attacks as you move away!
The quasit bites you but does no damage.
The quasit claws you but does no damage.
The quasit barely misses you. 😨 HP[+1]
Found a stone staircase leading down. 😨 MP[+1] 😨 MP[+1]
Your mp is fully restored (20).
The quasit misses you.
The quasit barely misses you. x2 😨 HP[+1] 😨 HP[+1]
The quasit attacks as you move away! The quasit barely misses you.
The quasit completely misses you. The quasit barely misses you. x2
The quasit claws you but does no damage.
The quasit closely misses you. 😨 HP[+1]
The quasit bites you but does no damage.
The quasit claws you but does no damage.
The quasit misses you.
There is a stone staircase leading up here. 😨 HP[+1]
The quasit bites you but does no damage.
The quasit claws you.
* * * LOW HITPOINT WARNING * * *
You feel clumsy.
The quasit claws you but does no damage.
You fly upwards.
There is a stone staircase leading down here. 😨 HP[-1]
You take 1 damage, and now have 22/50 hp.
Casting: Flame Wave (dangerous; 2% risk of failure)
Confirm with . or Enter, or press ? or * to list all spells.
Flames lash the quasit.
The quasit resists.
The quasit's fire resistance burns away.
The quasit bites you but does no damage.
The quasit barely misses you. The quasit closely misses you.
The quasit misses you.
The quasit claws you but does no damage.
The quasit closely misses you. 😨 HP[+1] MP[-1]
You lost 1 mp, and now have 19/20 mp.
Casting: Scorch (safe; 1% risk of failure)
Confirm with . or Enter, or press ? or * to list all spells.
Flames lash the quasit.
The quasit bites you.
* * * LOW HITPOINT WARNING * * *
You feel clumsy.
The quasit claws you but does no damage.
The quasit claws you.
* * * LOW HITPOINT WARNING * * *
The quasit barely misses you. The quasit closely misses you. x2
The quasit bites you but does no damage.
The quasit claws you but does no damage.
The quasit misses you. 😨 HP[-1] MP[-1]
You take 1 damage, and now have 22/50 hp.
You lost 1 mp, and now have 18/20 mp.
Casting: Scorch (safe; 1% risk of failure)
Confirm with . or Enter, or press ? or * to list all spells.
Flames lash the quasit.
You kill the quasit!
Vehumet accepts your kill. 😨 MP[-1]
You lost 1 mp, and now have 17/20 mp.
Casting: Scorch (safe; 1% risk of failure)
Confirm with . or Enter, or press ? or * to list all spells.
You can't see any susceptible monsters within range! (Use Z to cast anyway.) Unknown command.
You start resting. 😨 HP[+2] MP[+3]
You regained 2 hp, and now have 24/50 hp.
Your mp is fully restored (20).
You start resting. 😕 HP[+18]
You regained 18 hp, and now have 42/50 hp.
You start resting. 😎 HP[+8]
Your hp is fully restored (50).
Unknown command.
Done exploring.
Done exploring.
You fly downwards.
The ice devil hits you! The ice devil freezes you!!
* * * LOW HITPOINT WARNING * * *
The ice devil hits you!
* * * LOW HITPOINT WARNING * * *
The ice devil freezes you!
You die...

Skill      XL: |  1  2  3  4  5  6  7  8  9 10 |
---------------+-------------------------------+-----
Conjurations   | 2 3 4 6 8 9 11 12 | 12.5
Fire Magic     | 4 5 6 7 8 10 11 | 11.0
Spellcasting   | 3 4 5 6 |  6.5
Dodging        | |  2.1
Stealth        | |  2.0

Action                   |  1- 3 |  4- 6 |  7- 9 | 10-12 || total
-------------------------+-------+-------+-------+-------++-------
Melee: Unarmed           |     4 |       |       |       ||     4
       Peck              |     2 |       |       |     1 ||     3
       Kick              |     1 |       |     1 |     1 ||     3
       Glaive            |       |       |     1 |     4 ||     5
 Cast: Foxfire           |    64 |   119 |    81 |    29 ||   293
       Scorch            |    11 |    23 |    53 |    26 ||   113
       Inner Flame       |       |     1 |    15 |     1 ||    17
       Kindle Blastspark |       |       |    11 |     3 ||    14
       Flame Wave        |       |       |     1 |     5 ||     6
  Use: Scroll            |       |     9 |     3 |     2 ||    14
       Potion            |       |       |       |     2 ||     2
Armor: Robe              |     6 |    12 |     6 |       ||    24
       Swamp dragon scal |       |       |    15 |    29 ||    44
Dodge: Dodged            |    19 |    26 |    58 |    55 ||   158

Levels and vault maps discovered:
D:1:      kennysheep_arrival_seaside, layout_loops_corners,
          nicolae_figureground_pulse
D:2:      layout_loops_ring, basic_altar, uniq_terence
D:3:      cheibrodos_old_hovel, layout_loops_ring, old_standard_altar,
          old_standard_altar, serial_undead, serial_undead_d, serial_undead_b,
          serial_undead_b, serial_undead_a, gammafunk_ghost_gnarly_gnolls,
          minmay_fractal_squares_diagonal_5
D:4:      layout_loops_ring, elyvilon_altar_3, serial_shops,
          kennysheep_little_box
D:5:      layout_basic, uniq_blork_the_orc
D:6:      layout_loops_corners, temple_statues, serial_shops,
          nicolae_shop_waterfront, uniq_duvessa, uniq_sigmund, uniq_maggie,
          uniq_grinder
D:7:      layout_basic, amcnicky_altar_gilded, uniq_menkaure
D:8:      layout_basic
D:9:      layout_cave_pools, mainiacjoe_overflow_big_doors,
          mainiacjoe_overflow_concentric_impassable, marbit_many_paths,
          grunt_lair_entry_orc_guard_hut, serial_demonic, serial_demonic_g,
          serial_demonic_f, serial_demonic_e, serial_demonic_a
Temple:   nicolae_temple_hex_pool

Notes
Turn   | Place    | Note
-------+----------+-------------------------------------------
     0 | D:1      | kae the Tengu Fire Elementalist began the quest for the
                  | Orb.
     0 | D:1      | Reached XP level 1. HP: 10/10 MP: 4/4
     0 | D:1      | magus.rc [v1.11.3]
   223 | D:1      | Reached skill level 2 in Conjurations
   223 | D:1      | Reached XP level 2. HP: 15/15 MP: 3/6
   619 | D:1      | Reached XP level 3. HP: 19/19 MP: 5/7
   633 | D:1      | Learned a level 2 spell: Scorch
   637 | D:1      | Learned a level 3 spell: Inner Flame
   911 | D:1      | Reached skill level 4 in Fire Magic
   938 | D:1      | Reached skill level 3 in Conjurations
  1297 | D:2      | Found a sacrificial altar of Ru.
  1679 | D:2      | Noticed Terence
  1807 | D:2      | Reached XP level 4. HP: 24/24 MP: 3/8
  2547 | D:3      | Reached skill level 4 in Conjurations
  2547 | D:3      | Gained mutation: Your magical nature lets you fly swiftly
                  | and evasively. [Tengu growth]
  2547 | D:3      | Reached XP level 5. HP: 25/28 MP: 4/10
  2719 | D:3      | Found a sacrificial altar of Ru.
  2748 | D:3      | Found a transporter.
  2793 | D:3      | Identified the +2 ring mail "Lytid" {Int+7}
  2793 | D:3      | Identified the +0 kite shield of Satuheo {rC+ Regen+}
  3019 | D:3      | Reached skill level 5 in Fire Magic
  3129 | D:3      | Found a stormy altar of Qazlal.
  3430 | D:3      | Noticed initializr's ghost (amateur SpEn)
  3432 | D:3      | Found a transporter.
  3547 | D:4      | Reached skill level 3 in Spellcasting
  3625 | D:4      | Reached XP level 6. HP: 32/32 MP: 6/11
  3651 | D:4      | Found a white marble altar of Elyvilon.
  3731 | D:4      | Reached skill level 5 in Conjurations
  4159 | D:4      | Found Wowarch's Antique Weapon Boutique.
  4591 | D:5      | Entered Level 5 of the Dungeon
  4597 | D:5      | Learned a level 4 spell: Flame Wave
  4650 | D:5      | Noticed a black bear
  5240 | D:5      | Noticed Blork the orc
  5281 | D:5      | Killed a black bear
  5282 | D:5      | Reached skill level 6 in Conjurations
  5282 | D:5      | Reached skill level 6 in Fire Magic
  5282 | D:5      | Reached XP level 7. HP: 36/36 MP: 2/13
  5445 | D:5      | Killed Blork the orc
  5606 | D:5      | Noticed a two-headed ogre
  5775 | D:5      | Killed a two-headed ogre
  5776 | D:5      | Reached skill level 4 in Spellcasting
  5776 | D:5      | Reached skill level 8 in Conjurations
  5776 | D:5      | Reached skill level 7 in Fire Magic
  5776 | D:5      | Reached XP level 8. HP: 41/41 MP: 6/15
  6127 | D:5      | Learned a level 3 spell: Kindle Blastsparks
  6141 | D:6      | Found Beass's General Store.
  6144 | D:6      | Noticed Grinder
  6183 | D:6      | Identified the +0 short sword of Disgust {flame, Will++}
  6187 | D:6      | Found a staircase to the Ecumenical Temple.
  6332 | Temple   | Entered the Ecumenical Temple
  6404 | Temple   | Became a worshipper of Vehumet
  6885 | D:6      | Reached skill level 8 in Fire Magic
  6907 | D:6      | Reached skill level 9 in Conjurations
  7067 | D:6      | Noticed Maggie
  7082 | D:6      | Noticed Duvessa
  7082 | D:6      | Noticed Dowan
  7123 | D:6      | Killed Duvessa
  7138 | D:6      | Killed Dowan
  7139 | D:6      | Reached XP level 9. HP: 45/45 MP: 5/17
  7300 | D:6      | Identified the +3 ring mail of Tav Veru {rElec rCorr}
  7315 | D:6      | Reached skill level 5 in Spellcasting
  7672 | D:6      | Noticed Sigmund
  7964 | D:6      | Killed Maggie
  7965 | D:6      | Reached skill level 10 in Conjurations
  7965 | D:6      | Reached skill level 9 in Fire Magic
  8274 | D:7      | Found a sparkling altar of Nemelex Xobeh.
  8367 | D:7      | You pick up a book of Conjurations and begin reading...
  8367 | D:7      | You add the spells Magic Dart, Searing Ray and Fulminant
                  | Prism to your library.
  8559 | D:7      | Reached * piety under Vehumet
  8559 | D:7      | Offered knowledge of Freeze by Vehumet.
  8687 | D:7      | You pick up a book of Displacement and begin reading...
  8687 | D:7      | You add the spells Lesser Beckoning, Gell's Gravitas and
                  | Teleport Other to your library.
  8698 | D:7      | Noticed Menkaure
  8716 | D:7      | Killed Menkaure
  8717 | D:7      | Reached skill level 11 in Conjurations
  9169 | D:8      | Reached skill level 10 in Fire Magic
  9313 | D:8      | Reached XP level 10. HP: 50/50 MP: 16/19
  9460 | D:8      | Reached skill level 6 in Spellcasting
  9491 | D:8      | HP: 7/50 [orc priest/divine providence (16)]
  9496 | D:8      | HP: 7/50 [orc priest/+0 hand axe (5)]
  9498 | D:8      | HP: 1/50 [sky beast (5)]
 10338 | D:9      | Reached skill level 12 in Conjurations
 10410 | D:9      | Reached ** piety under Vehumet
 10478 | D:9      | Offered knowledge of Poisonous Vapours by Vehumet.
 10489 | D:9      | Reached skill level 11 in Fire Magic
 10635 | D:9      | Slain by an ice devil

Vanquished Creatures
  A two-headed ogre (D:5)
  Maggie (D:6)
  A wyvern (D:9)
  2 yaks (D:9)
  A steam dragon (D:8)
  Menkaure (D:7)
  Duvessa (D:6)
  2 ice beasts (D:6)
  2 black bears
  2 sky beasts (D:8)
  2 ogres (D:6)
  3 centaurs
  A kobold brigand (D:8)
  Blork the orc (D:5)
  A necrophage (D:7)
  4 bullfrogs
  A scorpion (D:9)
  14 wights
  Dowan (D:6)
  5 killer bees (D:7)
  2 quasits
  4 hounds
  2 jellies
  2 orc priests (D:8)
  A gnoll bouda (D:7)
  An iguana (D:4)
  6 orc wizards
  A hound zombie (D:3)
  A hound skeleton (D:3)
  8 gnolls
  12 adders
  A shadow imp (D:7)
  2 white imps
  2 ufetubi
  3 dart slugs
  25 orcs
  6 ball pythons
  9 bats
  6 endoplasms
  4 giant cockroaches
  8 goblins
  8 hobgoblins
  2 jackals (D:1)
  11 kobolds
  2 quokkas (D:1)
  A ball python zombie (D:3)
  2 frilled lizards
  5 rats
184 creatures vanquished.

Vanquished Creatures (collateral kills)
  A foxfire (D:3)
1 creature vanquished.

Vanquished Creatures (others)
  A demonic plant (D:9)
  474 foxfires
  17 fungi (D:9)
  22 plants
514 creatures vanquished.

Grand Total: 699 creatures vanquished

Table legend:
 A = Non-vault XP
 B = Vault XP
 C = Vault XP percentage of total XP
 D = Non-vault monster count
 E = Vault monster count
 F = Vault count percentage of total count
                 A         B        C        D         E       F
            +---------+---------+-------+---------+---------+-------
      Total |    5421 |    1595 |  22.7 |     163 |      21 |  11.4
            +---------+---------+-------+---------+---------+-------
        D:1 |      58 |       0 |   0.0 |      27 |       0 |   0.0
        D:2 |      70 |       0 |   0.0 |      17 |       0 |   0.0
        D:3 |      79 |      67 |  45.9 |      12 |      10 |  45.5
        D:4 |     135 |       0 |   0.0 |      19 |       0 |   0.0
        D:5 |    1217 |      96 |   7.3 |      19 |       1 |   5.0
        D:6 |    1016 |     596 |  37.0 |      18 |       3 |  14.3
        D:7 |     860 |     165 |  16.1 |      24 |       1 |   4.0
        D:8 |    1317 |      42 |   3.1 |      20 |       1 |   4.8
        D:9 |     669 |     629 |  48.5 |       7 |       5 |  41.7
            +---------+---------+-------+---------+---------+-------

Illustrated notes

Table legend:
 A = Kills in this place as a percentage of kills in entire the game.
 B = Kills by you in this place as a percentage of kills by you in the entire game.
 C = Kills by friends in this place as a percentage of kills by friends in the entire game.
 D = Other kills in this place as a percentage of other kills in the entire game.
 E = Experience gained in this place as a percentage of experience gained in the entire game.
 F = Experience gained in this place divided by the number of levels of this place that you have seen.
                   A       B       C       D       E      F
               +-------+-------+-------+-------+-------+----------------------
         Total | 100.0 | 100.0 |   N/A |   N/A | 100.0 | 701.6
       Dungeon | 100.0 | 100.0 |   N/A |   N/A | 100.0 | 779.6
               +-------+-------+-------+-------+-------+----------------------

Table legend: (Time is in decaauts)
 A = Elapsed time spent in this place.
 B = Non-inter-level travel time spent in this place.
 C = Inter-level travel time spent in this place.
 D = Time resting spent in this place.
 E = Time spent auto-exploring this place.
 F = Levels seen in this place.
 G = Mean time per level.
                   A        B        C        D        E       F      G
               +--------+--------+--------+--------+--------+-----+--------+
         Total |  10163 |   9776 |    387 |    750 |   7324 |  10 | 1016.3 |
       Dungeon |  10082 |   9710 |    372 |    750 |   7278 |   9 | 1120.2 |
        Temple |     81 |     66 |     15 |      0 |     46 |   1 |   81.0 |
               +--------+--------+--------+--------+--------+-----+--------+

Top non-repeatable levels by time:
     D:6: 1894 daAuts
     D:5: 1374 daAuts
     D:1: 1300 daAuts
     D:8: 1270 daAuts
     D:3: 1196 daAuts
     D:4: 1110 daAuts
     D:2: 979 daAuts
     D:7: 765 daAuts
     D:9: 190 daAuts
  Temple: 81 daAuts
